 Dungeon Crawl Stone Soup version 0.15-a0-1506-g1b030bc (webtiles) character file.

505 Quh the Ruffian (level 7, 0/61 HPs)
             Began as a Ghoul Monk on June 15, 2014.
             Was a Priest of Trog.
             Slain by a mummy (16 damage)
             ... in an ossuary.
             The game lasted 00:25:49 (4193 turns).

Quh the Ruffian (Ghoul Monk)                        Turns: 4193, Time: 00:25:49

HP   0/61        AC  8     Str 19      XL: 7   Next: 18%
MP   5/5         EV 12     Int  5      God: Trog [***...]
Gold 276         SH  0     Dex 15      Spells:  0 memorised,  6 levels left

rFire  . . .     SeeInvis .       - Unarmed
rCold  + . .     Clarity  .     d - +1 leather armour
rNeg   + + +     rCorr    .     (no shield)
rPois  +         rRot     +     (no helmet)
rElec  .         Spirit   .     (no cloak)
SustAb .         Warding  .     n - +2 pair of gloves {Dex+3} (curse)
rMut   .         Stasis   .     e - +0 pair of boots
Saprov + + +                    (no amulet)
MR     ++...                    (no ring)
                                r - +3 ring of strength

@: regenerating, rotting, very resistant to hostile enchantments, unstealthy
A: rotting body, claws 1, carnivore 3, cold resistance 1, life protection 3,
poison resistance, saprovore 3, slow healing 1, torment resistance, unbreathing
a: Burn Spellbooks, Trog's Hand, Renounce Religion


You were in an ossuary.
You worshipped Trog.
Trog was most pleased with you.
You were not hungry.

You visited 1 branch of the dungeon, and saw 5 of its levels.
You also visited: Ossuary.

You collected 276 gold pieces.

Inventory:

Missiles
 f - 122 stones (quivered)
 s - 10 poisoned arrows
 z - 16 arrows of flame
Armour
 a - a +0 robe
 b - a +0 plate armour
 d - a +1 leather armour (worn)
 e - a +0 pair of boots (worn)
 j - a +0 pair of gloves
 l - a +0 robe
 n - a cursed +2 pair of gloves of dexterity (worn)
Magical devices
 C - a wand of cold (15) {unknown}
Comestibles
 g - a beef jerky
 i - 2 meat rations
 u - 2 royal jellies
 B - a slice of pizza
 F - a rotting chunk of bat flesh
 G - a chunk of giant gecko flesh
Scrolls
 h - 2 scrolls of noise
 k - a scroll of recharging
 m - a scroll of immolation {unknown}
 p - a scroll of identify
 q - 5 scrolls of fog
 t - 4 scrolls of remove curse
 v - 2 scrolls of enchant weapon II {unknown}
 w - 4 scrolls of teleportation {unknown}
 y - a scroll of blinking {unknown}
 D - a scroll of enchant weapon I
Jewellery
 r - a +3 ring of strength (left hand)
Potions
 c - 2 potions of invisibility
 o - a potion of agility {unknown}
 A - a potion of heal wounds {unknown}
Books
 x - a book of Burglary

   Spells                             Type                      Level
   Swiftness                          Charms/Air                   2
   Passwall                           Transmutation/Earth          3
   Passage of Golubria                Translocation                4
   Lee's Rapid Deconstruction         Earth                        5
   Invisibility                       Hexes                        6
   Darkness                           Hexes                        7
   Trog disapproves of the use of such an item.


   Skills:
 + Level 5.3 Fighting
 - Level 2.6 Dodging
 - Level 3.6 Stealth
 * Level 7.6 Unarmed Combat


You had 6 spell levels left.
You didn't know any spells.

Dungeon Overview and Level Annotations

Branches:
Dungeon (5/15)
 Temple: D:4-7

Altars:
Qazlal
Trog
Vehumet
Yredelemnul

Annotations:
Ossuary emperor's ghost, average FeFi


Innate Abilities, Weirdness & Mutations

Your body is rotting away.
You have sharp fingernails.
You are carnivorous and can eat meat at any time.
Your flesh is cold resistant.
You are immune to negative energy.
Your system is resistant to poisons.
You thrive on rotten meat.
You heal slowly when monsters are visible.
You are immune to unholy pain and torment.
You can survive without breathing.


Message History

The orc zombie misses you. The rat zombie closely misses you.
The orc zombie hits you.
* * * LOW HITPOINT WARNING * * *
Use which ability? (? or * to list)
Your skin crawls.
You feel resistant to hostile enchantments.
You feel slightly more hungry. The kobold zombie closely misses you.
The orc zombie hits you.
* * * LOW HITPOINT WARNING * * *
You barely miss the orc zombie. The orc zombie closely misses you.
You hit the orc zombie. The orc zombie misses you.
The orc zombie completely misses you.
You punch the orc zombie!
You destroy the orc zombie!
You closely miss the kobold zombie. The orc zombie closely misses you.
The kobold zombie hits you but does no damage.
You punch the kobold zombie!
You destroy the kobold zombie!
The mummy hits you!
You die...

###########
...........+!
...........#!!
####.........###
...................#
....................#
.............Z# .....#
..............M##.....#
..............W@......#
..............Z....#..#
...................##
.......∩∩..........#
...................##
...................#..#
......................#
......................#
..............##.....#


You could see a mummy, emperor's ghost, a rat zombie and an orc zombie.

Vanquished Creatures
  An ogre (D:4)
  2 worker ants
  2 orc priests (D:4)
  Ijyb (D:2)
  Jessica (D:2)
  2 hound zombies (Ossuary)
  A mummy (Ossuary)
  7 adders
  A green rat (D:3)
  An inept feature mimic (D:2)
  4 worms
  An adder zombie (Ossuary)
  4 giant geckos
  11 orcs
  2 ball pythons (D:3)
  7 giant cockroaches
  14 goblins
  11 hobgoblins
  6 jackals
  2 quokkas
  9 bats
  4 giant newts
  A goblin skeleton (D:4)
  A goblin zombie (Ossuary)
  A hobgoblin zombie (Ossuary)
  11 kobolds
  2 kobold zombies (Ossuary)
  2 orc zombies (Ossuary)
  17 rats
  A rat skeleton (D:5)
  A spectral orc (D:4)
131 creatures vanquished.

Notes
Turn   | Place    | Note
--------------------------------------------------------------
     0 | D:1      | Quh, the Ghoul Monk, began the quest for the Orb.
     0 | D:1      | Reached XP level 1. HP: 19/19 MP: 1/1
    60 | D:1      | Reached XP level 2. HP: 10/26 MP: 2/2
   508 | D:1      | Reached XP level 3. HP: 29/32 MP: 3/3
   793 | D:2      | Found a radiant altar of Vehumet.
   848 | D:2      | Noticed Jessica
   889 | D:2      | Killed Jessica
   889 | D:2      | Reached skill level 5 in Unarmed Combat
   949 | D:2      | Reached XP level 4. HP: 36/40 MP: 3/3
  1162 | D:2      | Noticed Ijyb
  1205 | D:2      | Killed Ijyb
  1785 | D:2      | Reached XP level 5. HP: 32/46 MP: 4/4
  2431 | D:3      | Found a bloodstained altar of Trog.
  2574 | D:3      | Reached skill level 6 in Unarmed Combat
  2612 | D:3      | Became a worshipper of Trog the Wrathful
  2612 | D:3      | Acquired Trog's first power
  2612 | D:3      | Acquired Trog's second power
  2986 | D:3      | Reached XP level 6. HP: 38/53 MP: 5/5
  3547 | D:4      | Reached skill level 5 in Fighting
  3547 | D:4      | Reached skill level 7 in Unarmed Combat
  3660 | D:4      | Found a basalt altar of Yredelemnul.
  3736 | D:4      | Reached XP level 7. HP: 58/61 MP: 5/5
  3884 | D:4      | Found a bloodstained altar of Trog.
  4044 | D:5      | Entered Level 5 of the Dungeon
  4044 | D:5      | Found a stormy altar of Qazlal.
  4107 | D:5      | Found a sand-covered staircase.
  4126 | Ossuary  | Entered an ossuary
  4126 | Ossuary  | Noticed emperor's ghost (average FeFi)
  4193 | Ossuary  | Slain by a mummy

Action                   |  1- 3 |  4- 6 |  7- 9 || total
-------------------------+-------+-------+-------++-------
Melee: Unarmed           |    99 |   264 |    70 ||   433
Throw: Stone             |       |    31 |    18 ||    49
Invok: Trog's Hand       |       |       |     2 ||     2
  Use: Scroll            |       |     5 |     1 ||     6
 Stab: Sleeping          |     1 |     2 |       ||     3
